 Dungeon Crawl Stone Soup version 0.25.1-2-g60ff931df9 (webtiles) character file.

Game seed: 15391819359479608665

322 Peloso the Skirmisher (level 6, -3/48 HPs)
             Began as a Demonspawn Fighter on Aug 27, 2020.
             Succumbed to an orc wizard's poison
             ... on level 3 of the Dungeon.
             The game lasted 00:05:35 (3540 turns).

Peloso the Skirmisher (Demonspawn Fighter)          Turns: 3540, Time: 00:05:36

Health: -3/48      AC: 10    Str: 18    XL:     6   Next: 22%
Magic:  6/6        EV:  7    Int: 10    God:
Gold:   230        SH:  9    Dex: 12    Spells: 5/5 levels left

rFire    . . .     SeeInvis .   a - +0 long sword
rCold    . . .     Gourm    .   c - +0 kite shield
rNeg     . . .     Faith    .   m - +0 scale mail
rPois    .         Spirit   .   (no helmet)
rElec    .         Reflect  .   (no cloak)
rCorr    .         Harm     .   (no gloves)
MR       .....                  (no boots)
Stlth    ..........             (no amulet)
HPRegen  0.16/turn              (no ring)
MPRegen  0.10/turn              (no ring)

@: lethally poisoned (-3 -> -39), slowed, very slow
A: thin metallic scales 2, powered by pain 1
a: no special abilities


You were on level 3 of the Dungeon.
You were not hungry.

You visited 1 branch of the dungeon, and saw 4 of its levels.

You collected 230 gold pieces.

Inventory:

Hand Weapons
 a - a +0 long sword (weapon)
 b - a +2 spear of flaming
Missiles
 i - 36 bolts
Armour
 c - a +0 kite shield (worn)
 m - a +0 scale mail (worn)
Jewellery
 o - an uncursed amulet of magic regeneration {unknown}
Scrolls
 g - 3 scrolls of identify
 h - a scroll of fear {unknown}
 k - 3 scrolls of remove curse {unknown}
 n - a scroll of immolation {unknown}
 q - a scroll of magic mapping {unknown}
 r - a scroll of amnesia {unknown}
Potions
 d - 2 potions of might
 j - a potion of stabbing
 l - a potion of flight
Comestibles
 f - 6 rations


   Skills:
 + Level 4.0 Fighting
 + Level 4.0 Long Blades
 + Level 3.7 Armour
 + Level 1.0 Dodging
 + Level 0.2 Stealth
 + Level 3.4 Shields


You had 5 spell levels left.
You didn't know any spells.
Your spell library was empty.

Dungeon Overview and Level Annotations

Branches:
Dungeon (4/15)
 Temple: D:4-7

Altars:
Fedhas
Yredelemnul


Innate Abilities, Weirdness & Mutations

You are mostly covered in thin metallic scales. (AC +3)
You sometimes gain a little power by taking damage.


Message History

You are more poisoned.
You closely miss the orc wizard.
The orc wizard is heavily wounded.
* * * LOW HITPOINT WARNING * * *
You feel sick.
The orc wizard points at you and mumbles some strange words.
You feel yourself slow down.
You closely miss the orc wizard.
The orc wizard is heavily wounded.
* * * LOW HITPOINT WARNING * * *
You feel very sick.
The orc wizard hits you but does no damage.
You are more poisoned.
The orc wizard hits you with a +0 dagger of venom.
* * * LOW HITPOINT WARNING * * *
You are more poisoned.
Okay, then.
You hit the orc wizard.
The orc wizard is severely wounded.
You die...

#.#.#...###.# #.# #.#.##.##
#.# #.# #.#.##.####.# #.#
####...........# ###.#
#......##.####.# #...#
####.####.##.# #.# #.###
.....# #.....# #.# #.# ######
##.#### ##.#######.## #.#
#@.......[..# #.#
##o#.######..# #
#####.#####.>...>......# #
#...................##.# #
#.###.#####..#.####.##.######
# #.# #.#####..#.#
#...#...... # #.#
#........#.# ####.###### #
#.# ########.#.# #.# # #.#
#.#.# #.######


You could see an orc wizard.

Vanquished Creatures
  An orc priest (D:4)
  4 orc wizards
  A worker ant (D:4)
  3 gnolls (D:4)
  4 adders
  An adder zombie (D:2)
  2 worms (D:3)
  2 dart slugs (D:2)
  2 leopard geckos
  5 orcs
  6 bats
  A giant cockroach (D:3)
  13 goblins
  5 hobgoblins
  6 jackals
  A quokka (D:2)
  5 frilled lizards
  5 kobolds
  11 rats
  A spectral orc (D:2)
79 creatures vanquished.

Notes
Turn   | Place    | Note
-------+----------+-------------------------------------------
     0 | D:1      | Peloso the Demonspawn Fighter began the quest for the Orb.
     0 | D:1      | Reached XP level 1. HP: 18/18 MP: 1/1
   123 | D:1      | Gained mutation: You sometimes gain a little power by
                  | taking damage. [demonic ancestry]
   123 | D:1      | Reached XP level 2. HP: 24/24 MP: 2/2
   768 | D:2      | Reached XP level 3. HP: 19/29 MP: 3/3
  1320 | D:2      | Reached XP level 4. HP: 32/35 MP: 4/4
  1367 | D:2      | Gained mutation: You are partially covered in thin metallic
                  | scales. (AC +2) [demonic ancestry]
  1367 | D:2      | Reached XP level 5. HP: 9/42 MP: 5/5
  1693 | D:2      | Found a basalt altar of Yredelemnul.
  2832 | D:3      | Found a blossoming altar of Fedhas.
  3407 | D:4      | Reached skill level 1 in Dodging
  3488 | D:4      | Gained mutation: You are mostly covered in thin metallic
                  | scales. (AC +3) [demonic ancestry]
  3488 | D:4      | Reached XP level 6. HP: 25/48 MP: 6/6
  3539 | D:3      | HP: 1/48 [orc wizard/+0 dagger of venom (4)]
  3540 | D:3      | Succumbed to an orc wizard's poison

Illustrated notes

Levels and vault maps discovered:
D:1:      ncdulo_smallfort, layout_basic, minmay_pentomino_z4
D:2:      layout_loops_corners, yredelemnul_forgotten_temple_becter,
          minmay_goblin_outpost
D:3:      layout_loops_ring, fedhas_altar_fruit_tree
D:4:      layout_basic, kennysheep_mini_moat,
          chequers_temple_overflow_minitemple, kennysheep_little_box

Skill      XL: |  1  2  3  4  5 |
---------------+----------------+-----
Shields        | 3 |  3.4
Long Blades    | 2 3 4 |  4.0
Armour         | 3 |  3.7
Dodging        | 1 |  1.0
Fighting       | 4 |  4.0
Stealth        | |  0.2

Action                   |  1- 3 |  4- 6 || total
-------------------------+-------+-------++-------
Melee: Long sword        |   125 |   153 ||   278
  Use: Scroll            |     3 |       ||     3
       Potion            |     2 |     1 ||     3
  Eat: Chunk             |     2 |     7 ||     9
Armor: Scale mail        |    40 |    81 ||   121
Dodge: Dodged            |    25 |    53 ||    78
Block: Kite shield       |    52 |    80 ||   132
       Rpst.: Long sword |     7 |    19 ||    26
